AoeStats
← Zagnaros

Arabia

509248699Analyzed
1v1 RM · 7d ago on Sep 26, 2026· 48m 10s· 2 players
Game mode
Random Map
Map size
Tiny (2 player)
Population
200
Speed
Normal
Resources
Standard
Victory
Conquest
Starting age
Dark Age
Ending age
Imperial Age
RankedLock teamsTeams togetherTeam positionsShared explorationLock speedFull tech treeHidden civsTurbo modeCheats
Victory
Defeat
🇫🇷 Mongols · France
940
+16
🇲🇽 Franks · Mexico
933
-16
[COBRA] PANCHITO RENE
0:27 Loom
10:16 Feudal Age
18:54 Scale Barding Armor
25:00 Castle Age
25:12 Light Cavalry
26:40 Husbandry
31:19 Elite Skirmisher
32:29 Forging
36:54 Fletching
44:42 Scale Mail Armor
45:05 Chain Barding Armor
44:46 Padded Archer Armor
Zagnaros
8:20 Feudal Age
9:01 Double-Bit Axe
12:04 Loom
13:22 Horse Collar
20:41 Castle Age
19:43 Forging
21:04 Gold Mining
23:17 Wheelbarrow
23:28 Fletching
26:23 Bow Saw
26:20 Heavy Plow
27:15 Stone Mining
28:42 Bodkin Arrow
28:48 Padded Archer Armor
30:00 Squires
29:21 Pikeman
31:29 Husbandry
31:39 Bloodlines
33:48 Gold Shaft Mining
33:35 Ballistics
36:08 Thumb Ring
40:13 Imperial Age
41:22 Bracer
41:38 Leather Archer Armor
41:25 Scale Mail Armor
42:01 Iron Casting
45:38 Chemistry
45:08 Parthian Tactics
45:37 Onager
46:49 Elite Mangudai
Connection lost

Rejoining the realm…

Still unreachable

The connection could not be restored.

Session expired

The server has moved on; the page needs a fresh start.